 Dungeon Crawl Stone Soup version 0.31-a0-236-g9a0961fb85 (webtiles) character file.

Game seed: 6212097728908772274

100 qw the Shooter (level 4, -1/26 HPs)
             Began as a Gargoyle Hexslinger on July 10, 2023.
             Slain by a gnoll
             ... wielding a +0 halberd
              (6 damage)
             ... on level 3 of the Dungeon.
             The game lasted 00:00:37 (1122 turns).

qw the Shooter (Gargoyle Hexslinger)                Turns: 1122, Time: 00:00:37

Health: -1/26      AC: 10    Str: 11    XL:     4   Next: 73%
Magic:  5/5        EV: 10    Int: 14    God:
Gold:   107        SH:  0    Dex: 14    Spells: 4/5 levels left

rFire   + . .        Y - +1 sling
rCold   . . .        (no shield)
rNeg    + . .        d - +0 ring mail
rPois   inf          (no helmet)
rElec   +            (no cloak)
rCorr   .            g - +0 pair of gloves
SInv    +            (no boots)
Will    .....        (no amulet)
Stlth   +            e - ring of protection from fire
HPRegen 0.24/turn    b - ring of see invisible
MPRegen 0.09/turn

%: no passive effects
@: no status effects
A: sickness immunity, AC +3, negative energy resistance 1, electricity
resistance, torment resistance 1, petrification resistance
a: no special abilities


You were on level 3 of the Dungeon.
You visited 1 branch of the dungeon, and saw 3 of its levels.

You collected 107 gold pieces.


Innate Abilities, Weirdness & Mutations

You are immune to sickness and miasma.
Your stone body is resilient. (AC +3)
You are immune to poison.
You resist negative energy. (rN+)
You are resistant to electric shocks. (rElec)
You are resistant to unholy torment.
You are immune to petrification.


   Skills:
 - Level 2.0 Fighting
 + Level 3.8 Ranged Weapons
 - Level 2.2 Armour
 - Level 1.5 Dodging
 - Level 1.0 Spellcasting
 - Level 2.6 Hexes


You had 4 spell levels left.
You knew the following spells:

 Your Spells              Type           Power      Damage    Failure   Level
a - Slow                  Hex            32%        N/A       21%         1

Your spell library contained the following spells:

 Spells                   Type           Power      Damage    Failure   Level
 Inner Flame              Hex/Fire       4%         N/A       71%         3
 Portal Projectile        Hex/Tloc       8%         N/A       71%         3
 Cause Fear               Hex            4%         N/A       90%         4

Inventory:

Hand Weapons
 Y - a +1 sling (weapon)
Armour
 d - a +0 ring mail (worn)
 g - a +0 pair of gloves (worn)
Jewellery
 b - a ring of see invisible (right hand)
 e - a ring of protection from fire (left hand)
Potions
 c - a potion of curing {unknown}
 h - a potion of heal wounds {unknown}

Dungeon Overview and Level Annotations

Branches:
Dungeon (3/15)

Altars:


Message History

A bat comes into view.
The bat moves out of view.
Enter note:
Found 6 stones.
Enter note: A gnoll comes into view. It is wielding a +0 flail.
The gnoll shouts!
You hear a shout!
Enter note: You shoot a sling bullet.
The sling bullet barely misses the gnoll.
You shoot a sling bullet.
The sling bullet completely misses the gnoll.
A gnoll comes into view. It is wielding a +0 halberd.
You shoot a sling bullet. The sling bullet hits the gnoll.
The gnoll is moderately wounded.
You shoot a sling bullet.
The sling bullet closely misses the gnoll.
You shoot a sling bullet. The sling bullet hits the gnoll.
The gnoll is severely wounded.
The gnoll hits you with a +0 flail!
You shoot a sling bullet. The sling bullet hits the gnoll.
The gnoll is severely wounded.
The gnoll completely misses you. The gnoll hits you with a +0 flail!
You shoot a sling bullet.
The sling bullet barely misses the gnoll.
The gnoll hits you but does no damage. The gnoll hits you with a +0 flail.
You shoot a sling bullet. The sling bullet hits the gnoll.
You kill the gnoll!
The gnoll hits you but does no damage. x2
You shoot a sling bullet. The sling bullet hits the gnoll.
The gnoll is moderately wounded.
The gnoll closely misses you.
You shoot a sling bullet.
The sling bullet closely misses the gnoll.
The gnoll hits you from afar with a +0 halberd.
You shoot a sling bullet. The sling bullet hits the gnoll.
The gnoll is severely wounded.
The gnoll barely misses you.
The gnoll hits you from afar with a +0 halberd.
You die...

..##.######### ........#...
..+......##################...
...##.###.#.......... #...
#.###.#.......... #..%
#................ #...
####......###### #... #...##.#
#... #...##.######## .....
#...##.@.g....# 77.77
......+.)......# 7.7.
####..##........# ..
#..##.(....... ..##......... .
....####.. 7 ....# . .....#


You could see a gnoll.

Vanquished Creatures
  Jessica (D:2)
  A gnoll (D:3)
  An adder (D:3)
  A worm (D:2)
  3 dart slugs
  An orc (D:3)
  3 endoplasms
  3 giant cockroaches
  5 goblins
  3 hobgoblins
  4 quokkas
  2 ball pythons
  5 bats
  5 frilled lizards
  3 kobolds
  3 rats (D:1)
44 creatures vanquished.

Notes
Turn   | Place    | Note
-------+----------+-------------------------------------------
     0 | D:1      | qw the Gargoyle Hexslinger began the quest for the Orb.
     0 | D:1      | Reached XP level 1. HP: 12/12 MP: 2/2
     0 | D:1      | 0 ||| qw: Version: 0.3-a-52-g30416fa
     0 | D:1      | 0 ||| qw: Game counter: 4760
     0 | D:1      | 0 ||| qw: Melee chars always use a shield: true
     0 | D:1      | 0 ||| qw: God list: Okawaru
     0 | D:1      | 0 ||| qw: Allow faded altars: false
     0 | D:1      | 0 ||| qw: Do Orc after clearing Dungeon:15 true
     0 | D:1      | 0 ||| qw: Do second Lair branch before Depths: true
     0 | D:1      | 0 ||| qw: Lair rune preference: random
     0 | D:1      | 0 ||| qw: Goals: Normal
     0 | D:1      | 0 ||| PLANNING D:1-11
    70 | D:1      | Reached XP level 2. HP: 12/16 MP: 3/3
   169 | D:1      | Reached skill level 3 in Ranged Weapons
   405 | D:1      | Reached XP level 3. HP: 21/21 MP: 4/4
   558 | D:1      | 558 ||| UPGRADING to +0 ring mail.
   568 | D:1      | 568 ||| DROPPING +0 robe.
   569 | D:1      | 569 ||| UPGRADING to +0 pair of gloves.
   574 | D:1      | 574 ||| UPGRADING to ring of protection from fire.
   575 | D:1      | 575 ||| READING scroll labelled ROAS XAMNEPPO.
   576 | D:1      | 576 ||| READING scroll labelled DURURPH YFEO.
   577 | D:1      | 577 ||| READING scroll labelled QUNNAZ DUKHLA.
   578 | D:1      | 578 ||| READING scroll labelled ZISTABRI TUGY.
   581 | D:1      | 581 ||| READING scroll labelled ZOBEZOUQAU.
   582 | D:1      | 582 ||| DROPPING scroll of poison.
   689 | D:2      | Noticed Jessica
   697 | D:2      | Killed Jessica
   723 | D:2      | Reached XP level 4. HP: 26/26 MP: 5/5
   956 | D:2      | 956 ||| DROPPING ring of magical power.
   957 | D:2      | 957 ||| UPGRADING to ring of see invisible.
  1118 | D:3      | HP: 5/26 [gnoll/+0 flail (5)]
  1122 | D:3      | Slain by a gnoll

Levels and vault maps discovered:
D:1:      erik_arrival_triangle_large, layout_basic, minmay_box_of_dots
D:2:      layout_rooms, minmay_misc_feat_square, uniq_jessica
D:3:      cheibrodos_old_hovel, layout_basic,
          mainiacjoe_overflow_small_starburst, serial_shops,
          nicolae_shop_tiny_glass

Skill      XL: |  1  2  3 |
---------------+----------+-----
Ranged Weapons | 3 |  3.8
Fighting       | 2 |  2.0
Armour         | 2 |  2.2
Dodging        | |  1.5
Spellcasting   | |  1.0
Hexes          | |  2.6

Action                     |  1- 3 |  4- 6 || total
---------------------------+-------+-------++-------
   Fire: Sling             |    77 |    70 ||   147
    Use: Scroll            |     5 |       ||     5
 Armour: Robe              |     3 |       ||     3
         Ring mail         |     9 |    15 ||    24
  Dodge: Dodged            |    14 |    20 ||    34

Table legend:
 A = Non-vault XP
 B = Vault XP
 C = Vault XP percentage of total XP
 D = Non-vault monster count
 E = Vault monster count
 F = Vault count percentage of total count
                 A         B        C        D         E       F
            +---------+---------+-------+---------+---------+-------
      Total |     100 |      43 |  30.1 |      41 |       3 |   6.8
            +---------+---------+-------+---------+---------+-------
        D:1 |      29 |       6 |  17.1 |      18 |       2 |  10.0
        D:2 |      28 |      37 |  56.9 |      13 |       1 |   7.1
        D:3 |      43 |       0 |   0.0 |      10 |       0 |   0.0
            +---------+---------+-------+---------+---------+-------
